Manchester Monarchs vs Toronto Marlies

Created - 22 décembre 2023 at 15:06

Goals
1 2 3 T
Manchester Monarchs 4 1 0 5
Toronto Marlies 1 0 0 1
Shots
1 2 3 T
Manchester Monarchs 14 9 8 31
Toronto Marlies 8 6 3 17

GoalsPenalties
1st period
1. Manchester Monarchs , Mathias Emilio Pettersen 17 (Adam Beckman 9, Jacob Christiansen 23) at 1:02
2. Manchester Monarchs , Connor Bunnaman 10 (Daemon Hunt 14, Erik Kallgren) at 15:58
3. Manchester Monarchs , Connor McMichael 22 (Cole Guttman 43) at 16:02 (PP)
4. Manchester Monarchs , William Eklund 12 (Max Jones 2, Daemon Hunt 15) at 17:32
5. Toronto Marlies , Riley Sheahan 5 (Andreas Johnsson 21) at 18:03
Brendan Lemieux (MON) for Hooking (Minor) at 1:58
Ty Emberson (MAR) for Holding (Minor) at 16:01
2nd period
6. Manchester Monarchs , David Gustafsson 6 (Brendan Lemieux 26, Connor Bunnaman 6) at 5:10
Nicolas Meloche (MAR) for Tripping (Minor) at 0:40
Matt Tennyson (MAR) for Fighting (Major) at 5:41
Kevin Connauton (MON) for Fighting (Major) at 5:41
Andreas Johnsson (MAR) for Slashing (Minor) at 5:58
William Eklund (MON) for Hooking (Minor) at 13:44
3rd period
No Goal
Max Jones (MON) for Roughing (Minor) at 2:06
Curtis McKenzie (MAR) for Fighting (Major) at 4:58
Brady Keeper (MON) for Fighting (Major) at 4:58
Matt Tennyson (MAR) for Fighting (Major) at 7:04
Walker Duehr (MON) for Fighting (Major) at 7:04
Josiah Didier (MAR) for Fighting (Major) at 7:21
Brendan Lemieux (MON) for Fighting (Major) at 7:21
Luke Martin (MAR) for Fighting (Major) at 7:27
Kevin Connauton (MON) for Fighting (Major) at 7:27
Goalie Stats
Erik Kallgren (MON), 16 saves from 17 shots - (0,941), W, 6-2-0, 60:00 minutes
Spencer Martin (MAR), 10 saves from 14 shots - (0,714), L, 12-10-0, 17:32 minutes
Yaroslav Askarov (MAR), 16 saves from 17 shots - (0,941), 42:28 minutes
3 StarsOfficial
1 - Connor Bunnaman (MON)
2 - Mathias Emilio Pettersen (MON)
3 - Daemon Hunt (MON)
Referees : Mike Sheehan and Kevin Pollock
Linesman : Darren Gibbs and Kyle Larson
Game Note
Yaroslav Askarov enters game at 17:32 of 1st period
Matt Tennyson beats up Kevin Connauton at 5:41 of 2nd period
Curtis McKenzie and Brady Keeper fight to a draw at 4:58 of 3rd period
Walker Duehr beats up Matt Tennyson at 7:04 of 3rd period
Josiah Didier and Brendan Lemieux fight to a draw at 7:21 of 3rd period
Kevin Connauton beats up Luke Martin at 7:27 of 3rd period
Finance
Level 1 -- Attendance: 2000 (100,00%) -- Ticket Income $50,000
Level 2 -- Attendance: 1000 (100,00%) -- Ticket Income $12,000
Total Attendance: 3000 (100,00%)
Total Ticket Income: $62,000
Other Income: $30,380
Total Income: $92,380



Team Name Goals Shots Shots Attemp Shots Blocked PIM HIT PP PK FO%
Manchester Monarchs 53152631321 / 3 (33%)061%
Toronto Marlies 11730731150 / 3 (0%)139%

Manchester Monarchs
Player Name POS G A P +/- PIM HIT SHT SB MP PP MP PP SHT PK MP PK SHT FO% FOT GA TA
Adam BeckmanC/LW011101107:340:0000:0000% 001
Angus CrookshankLW0002032013:500:0000:2200% 100
Brady KeeperD0001500012:430:0000:0000% 000
Brendan LemieuxLW/RW0110734016:151:4302:0300% 100
Cole GuttmanC0110022018:311:4302:39068% 2201
Connor BunnamanC/LW1121024019:090:0000:00050% 200
Connor McMichaelC/LW101000108:412:0112:5600% 000
Daemon HuntD0221021024:542:0802:4300% 000
David GustafssonC1010012116:431:5800:00067% 1500
Elliot DesnoyersC/LW0000015119:451:5822:3900% 121
Filip KralD0001021012:161:0800:0000% 000
Jacob ChristiansenD0111000123:491:5103:1400% 011
Kevin ConnautonD00011011218:301:0002:4300% 000
Marcus BjorkD0001070124:591:5103:1400% 000
Mathias Emilio PettersenC/LW/RW1011033011:590:1800:2500% 000
Max JonesC/LW/RW0112201013:390:0000:0000% 000
Walker DuehrRW0000511014:591:5810:0000% 010
William EklundC/LW1012232015:390:1800:50050% 400
Toronto Marlies
Player Name POS G A P +/- PIM HIT SHT SB MP PP MP PP SHT PK MP PK SHT FO% FOT GA TA
Andreas JohnssonLW/RW011-1226023:323:0011:0100% 300
Artemi KnyazevD000-1001014:020:0000:4800% 000
Cam MorrisonLW000-1010111:060:1201:1200% 000
Curtis McKenzieLW000-1500012:400:0000:4200% 000
Drew HellesonD000000008:120:0000:0000% 000
Evan PoleiC/LW000-1000014:460:0001:20067% 600
Evgeny SvechnikovLW/RW000-1043024:502:4802:0200% 421
Josh MelnickC/RW000-1010018:152:5700:030100% 400
Josiah DidierD000050000:560:0000:0000% 000
Lassi ThomsonD000-1000017:142:2701:3300% 000
Luke MartinD000-1500011:480:0001:3600% 000
Matt TennysonD000-11023120:023:3001:0610% 000
Matthew HighmoreLW/RW000-1011021:132:5700:4200% 110
Max EllisRW000-1000018:032:5700:0000% 000
Nathan WalkerLW000-1010011:200:0900:1000% 000
Nicolas MelocheD000-1210316:192:2700:3900% 000
Riley SheahanC/LW1010012219:072:5100:46036% 2801
Spencer StastneyD000000008:120:0000:0000% 010
Ty EmbersonD000-1211024:163:3002:1600% 002

Manchester Monarchs

5 vs 5 Forward
Line #Left WingCenterRight WingPHYDFOFWanted %Time %Time Play
1Connor BunnamanCole GuttmanBrendan Lemieux0143328%14:14
2Elliot DesnoyersDavid GustafssonWalker Duehr0143330%14:52
3Max JonesWilliam EklundAngus Crookshank1222627%13:24
4Adam BeckmanConnor BunnamanMathias Emilio Pettersen122815%7:34
5 vs 5 Defense
Line #DefenseDefensePHYDFOFWanted %Time %Time Play
1Marcus BjorkJacob Christiansen0233737%18:36
2Kevin ConnautonDaemon Hunt0233740%20:07
3Daemon HuntBrady Keeper0322623%11:21
4Marcus BjorkJacob Christiansen12200%0:00
Power Play Forward
Line #Left WingCenterRight WingPHYDFOFWanted %Time %Time Play
1Connor McMichaelCole GuttmanBrendan Lemieux1045051%2:01
2Elliot DesnoyersDavid GustafssonWalker Duehr1045049%1:58
Power Play Defense
Line #DefenseDefensePHYDFOFWanted %Time %Time Play
1Marcus BjorkJacob Christiansen1045046%1:51
2Kevin ConnautonDaemon Hunt1045054%2:08
Penalty Kill 4 Players Forward
Line #CenterWingPHYDFOFWanted %Time %Time Play
1Cole GuttmanElliot Desnoyers1405047%2:48
2Connor McMichaelBrendan Lemieux1405053%3:09
Penalty Kill 4 Players Defense
Line #DefenseDefensePHYDFOFWanted %Time %Time Play
1Marcus BjorkJacob Christiansen1405054%3:14
2Kevin ConnautonDaemon Hunt1405046%2:43
Penalty Kill 3 Players
Line #WingPHYDFOFWanted %Time %Time PlayDefenseDefensePHYDFOFWanted %Time %Time Play
1Cole Guttman122600%0:00 Marcus BjorkJacob Christiansen122600%0:00
2Connor McMichael122400%0:00 Kevin ConnautonDaemon Hunt122400%0:00
4 vs 4 Forward
Line #CenterWingPHYDFOFWanted %Time %Time Play
1William EklundMax Jones023500%0:00
2Connor BunnamanAdam Beckman023500%0:00
4 vs 4 Defense
Line #DefensePHYDFOFWanted %Time %Time Play
1Daemon HuntBrady Keeper032500%0:00
2Kevin ConnautonDaemon Hunt032500%0:00
Last Minutes Offensive
Left WingCenterRight WingDefenseDefense
Connor McMichaelCole GuttmanBrendan LemieuxMarcus BjorkJacob Christiansen
Last Minutes Defensive
Left WingCenterRight WingDefenseDefense
Connor McMichaelCole GuttmanBrendan LemieuxMarcus BjorkJacob Christiansen
Time
Total ForwardTotal DefenseLast Minutes OffensiveLast Minutes Defensive
60:00 60:00 0:000:00
Extra Forwards
Normal PowerPlayPenalty Kill
Mathias Emilio Pettersen, William Eklund, Connor McMichaelMathias Emilio Pettersen, William EklundWilliam Eklund
Extra Defensemen
Normal PowerPlayPenalty Kill
Filip Kral, Brady Keeper, Kevin ConnautonFilip Kral, Brady KeeperKevin Connauton
Penalty Shots
Brendan Lemieux, Connor McMichael, Angus Crookshank, Elliot Desnoyers, Mathias Emilio Pettersen
Goalie
Erik Kallgren, Matthew Murray
Scratches
Devante Stephens (Healthy), Tanner Laczynski (Healthy), Riley Damiani (Healthy), Cole Reinhardt (Healthy), Maxim Marushev (Healthy) Justin Sourdif (Healthy), Carter Savoie (Healthy), Jakub Skarek (Healthy)

Toronto Marlies

5 vs 5 Forward
Line #Left WingCenterRight WingPHYDFOFWanted %Time %Time Play
1Evgeny SvechnikovRiley SheahanAndreas Johnsson1224031%15:20
2Matthew HighmoreJosh MelnickMax Ellis1223029%14:35
3Curtis McKenzieEvan PoleiEvgeny Svechnikov1222027%13:25
4Nathan WalkerAndreas JohnssonMatthew Highmore1221013%6:44
5 vs 5 Defense
Line #DefenseDefensePHYDFOFWanted %Time %Time Play
1Ty EmbersonMatt Tennyson1224038%18:54
2Lassi ThomsonNicolas Meloche1223026%13:14
3Luke MartinArtemi Knyazev1222019%9:44
4Drew HellesonSpencer Stastney1221016%8:12
Power Play Forward
Line #Left WingCenterRight WingPHYDFOFWanted %Time %Time Play
1Evgeny SvechnikovRiley SheahanAndreas Johnsson1226050%3:00
2Matthew HighmoreJosh MelnickMax Ellis1224050%2:57
Power Play Defense
Line #DefenseDefensePHYDFOFWanted %Time %Time Play
1Ty EmbersonMatt Tennyson1226059%3:30
2Lassi ThomsonNicolas Meloche1224041%2:27
Penalty Kill 4 Players Forward
Line #CenterWingPHYDFOFWanted %Time %Time Play
1Evgeny SvechnikovAndreas Johnsson1226082%3:17
2Matthew HighmoreCurtis McKenzie1224018%0:42
Penalty Kill 4 Players Defense
Line #DefenseDefensePHYDFOFWanted %Time %Time Play
1Ty EmbersonMatt Tennyson1226061%2:26
2Lassi ThomsonNicolas Meloche1224039%1:33
Penalty Kill 3 Players
Line #WingPHYDFOFWanted %Time %Time PlayDefenseDefensePHYDFOFWanted %Time %Time Play
1Evgeny Svechnikov122600%0:00 Ty EmbersonMatt Tennyson122600%0:00
2Andreas Johnsson122400%0:00 Lassi ThomsonNicolas Meloche122400%0:00
4 vs 4 Forward
Line #CenterWingPHYDFOFWanted %Time %Time Play
1Evgeny SvechnikovAndreas Johnsson122600%0:00
2Matthew HighmoreCurtis McKenzie122400%0:00
4 vs 4 Defense
Line #DefensePHYDFOFWanted %Time %Time Play
1Ty EmbersonMatt Tennyson122600%0:00
2Lassi ThomsonNicolas Meloche122400%0:00
Last Minutes Offensive
Left WingCenterRight WingDefenseDefense
Evgeny SvechnikovRiley SheahanAndreas JohnssonTy EmbersonMatt Tennyson
Last Minutes Defensive
Left WingCenterRight WingDefenseDefense
Evgeny SvechnikovRiley SheahanAndreas JohnssonTy EmbersonMatt Tennyson
Time
Total ForwardTotal DefenseLast Minutes OffensiveLast Minutes Defensive
60:00 60:00 0:000:00
Extra Forwards
Normal PowerPlayPenalty Kill
Cam Morrison, Nathan Walker, Evan PoleiCam Morrison, Nathan WalkerEvan Polei
Extra Defensemen
Normal PowerPlayPenalty Kill
Josiah Didier, Luke Martin, Artemi KnyazevJosiah Didier, Luke MartinArtemi Knyazev
Penalty Shots
Evgeny Svechnikov, Andreas Johnsson, Matthew Highmore, Curtis McKenzie, Riley Sheahan
Goalie
Spencer Martin, Yaroslav Askarov
Scratches
Brandon Hickey (Healthy), Andre Racicot (Healthy), Steve Penney (Healthy)


Play-by-Play

1st period


0:01 of 1st period - Riley Sheahan wins face-off versus Brendan Lemieux in neutral zone.
0:06 of 1st period - Snap shot by Evgeny Svechnikov.
0:06 of 1st period - Shot Misses the Net.
0:08 of 1st period - Slapshot by Ty Emberson.
0:08 of 1st period - Stopped by Erik Kallgren with a rebound.
0:10 of 1st period - Wrist shot by Matt Tennyson.
0:10 of 1st period - Stopped by Erik Kallgren with a rebound.
1:00 of 1st period - Slapshot by Adam Beckman.
1:00 of 1st period - Shot Blocked by Nicolas Meloche.
1:02 of 1st period - Snap shot by Mathias Emilio Pettersen.
1:02 of 1st period - Goal by Mathias Emilio Pettersen - Manchester Monarchs : 1 - Toronto Marlies : 0.
1:03 of 1st period - David Gustafsson wins face-off versus Riley Sheahan in neutral zone.
1:14 of 1st period - Wrist shot by Walker Duehr.
1:14 of 1st period - Shot Misses the Net.
1:34 of 1st period - Slapshot by Angus Crookshank.
1:34 of 1st period - Stopped by Spencer Martin with a rebound.
1:36 of 1st period - Slapshot by Daemon Hunt.
1:36 of 1st period - Stopped by Spencer Martin without a rebound.
1:37 of 1st period - Cole Guttman wins face-off versus Evan Polei in Toronto Marlies zone.
1:38 of 1st period - Slapshot by Brendan Lemieux.
1:38 of 1st period - Stopped by Spencer Martin with a rebound.
1:58 of 1st period - Minor Penalty to Brendan Lemieux for Hooking.
1:59 of 1st period - Cole Guttman wins face-off versus Riley Sheahan in Manchester Monarchs zone.
2:13 of 1st period - Evgeny Svechnikov is hit by Marcus Bjork.
3:38 of 1st period - Josh Melnick is hit by Angus Crookshank and loses puck.
3:58 of 1st period - Penalty to Brendan Lemieux is over, Brendan Lemieux is back on ice.
4:12 of 1st period - Snap shot by Mathias Emilio Pettersen.
4:12 of 1st period - Stopped by Spencer Martin without a rebound.
4:13 of 1st period - Evan Polei wins face-off versus Connor Bunnaman in Toronto Marlies zone.
4:33 of 1st period - Wrist shot by Mathias Emilio Pettersen.
4:33 of 1st period - Stopped by Spencer Martin with a rebound.
5:05 of 1st period - Snap shot by Adam Beckman.
5:05 of 1st period - Stopped by Spencer Martin with a rebound.
5:07 of 1st period - Slapshot by Filip Kral.
5:07 of 1st period - Deflect By Matthew Highmore.
5:07 of 1st period - Stopped by Spencer Martin with a rebound.
5:11 of 1st period - Slapshot by Connor Bunnaman.
5:11 of 1st period - Stopped by Spencer Martin with a rebound.
5:13 of 1st period - Snap shot by Mathias Emilio Pettersen.
5:13 of 1st period - Shot Misses the Net.
5:15 of 1st period - Slapshot by Connor Bunnaman.
5:15 of 1st period - Stopped by Spencer Martin without a rebound.
5:16 of 1st period - Evan Polei wins face-off versus David Gustafsson in Toronto Marlies zone.
5:41 of 1st period - Kevin Connauton is hit by Cam Morrison and loses puck.
6:53 of 1st period - Riley Sheahan is hit by Daemon Hunt and loses puck.
8:12 of 1st period - Riley Sheahan is hit by Marcus Bjork and loses puck.
8:33 of 1st period - Marcus Bjork is hit by Nathan Walker and loses puck.
10:21 of 1st period - Max Ellis is hit by Mathias Emilio Pettersen and loses puck.
11:43 of 1st period - Ty Emberson is hit by Connor Bunnaman and loses puck.
11:50 of 1st period - Evgeny Svechnikov is hit by Marcus Bjork and loses puck.
12:11 of 1st period - Icing by Elliot Desnoyers.
12:12 of 1st period - David Gustafsson wins face-off versus Andreas Johnsson in Manchester Monarchs zone.
12:12 of 1st period - David Gustafsson is hit by Nicolas Meloche.
12:20 of 1st period - Snap shot by Andreas Johnsson.
12:20 of 1st period - Stopped by Erik Kallgren with a rebound.
13:31 of 1st period - Icing by Matt Tennyson.
13:32 of 1st period - Josh Melnick wins face-off versus William Eklund in Toronto Marlies zone.
13:49 of 1st period - Artemi Knyazev is hit by Walker Duehr and loses puck.
14:14 of 1st period - Off-side.
14:15 of 1st period - Evan Polei wins face-off versus Angus Crookshank in neutral zone.
14:18 of 1st period - Wrist shot by Curtis McKenzie.
14:18 of 1st period - Shot Misses the Net.
14:35 of 1st period - Ty Emberson is hit by David Gustafsson and loses puck.
15:58 of 1st period - Wrist shot by Connor Bunnaman.
15:58 of 1st period - Goal by Connor Bunnaman - Manchester Monarchs : 2 - Toronto Marlies : 0.
15:59 of 1st period - Riley Sheahan wins face-off versus Cole Guttman in neutral zone.
16:01 of 1st period - Minor Penalty to Ty Emberson for Holding.
16:02 of 1st period - Cole Guttman wins face-off versus Evgeny Svechnikov in Toronto Marlies zone.
16:02 of 1st period - Snap shot by Connor McMichael.
16:02 of 1st period - Goal by Connor McMichael - Manchester Monarchs : 3 - Toronto Marlies : 0.
16:03 of 1st period - Cole Guttman wins face-off versus Riley Sheahan in neutral zone.
16:17 of 1st period - Snap shot by Brendan Lemieux.
16:17 of 1st period - Stopped by Spencer Martin without a rebound.
16:18 of 1st period - David Gustafsson wins face-off versus Riley Sheahan in Toronto Marlies zone.
16:29 of 1st period - Wrist shot by Andreas Johnsson.
16:29 of 1st period - Stopped by Erik Kallgren with a rebound.
16:31 of 1st period - Wrist shot by Riley Sheahan.
16:31 of 1st period - Shot Blocked by Elliot Desnoyers.
16:49 of 1st period - Off-side.
16:50 of 1st period - Cole Guttman wins face-off versus Riley Sheahan in neutral zone.
16:53 of 1st period - Lassi Thomson is hit by Brendan Lemieux and loses puck.
17:02 of 1st period - Snap shot by Andreas Johnsson.
17:02 of 1st period - Stopped by Erik Kallgren without a rebound.
17:03 of 1st period - Riley Sheahan wins face-off versus Cole Guttman in Manchester Monarchs zone.
17:32 of 1st period - Wrist shot by William Eklund.
17:32 of 1st period - Goal by William Eklund - Manchester Monarchs : 4 - Toronto Marlies : 0.
17:32 of 1st period - Yaroslav Askarov enters game.
17:33 of 1st period - Cole Guttman wins face-off versus Riley Sheahan in neutral zone.
17:45 of 1st period - Icing by Kevin Connauton.
17:46 of 1st period - Cole Guttman wins face-off versus Riley Sheahan in Manchester Monarchs zone.
17:50 of 1st period - Off-side.
17:51 of 1st period - Riley Sheahan wins face-off versus David Gustafsson in neutral zone.
17:54 of 1st period - Elliot Desnoyers is hit by Andreas Johnsson and loses puck.
18:01 of 1st period - Snap shot by Andreas Johnsson.
18:01 of 1st period - Stopped by Erik Kallgren with a rebound.
18:03 of 1st period - Snap shot by Riley Sheahan.
18:03 of 1st period - Goal by Riley Sheahan - Manchester Monarchs : 4 - Toronto Marlies : 1.
18:04 of 1st period - Riley Sheahan wins face-off versus Cole Guttman in neutral zone.
18:15 of 1st period - Wrist shot by Evgeny Svechnikov.
18:15 of 1st period - Stopped by Erik Kallgren without a rebound.
18:16 of 1st period - Riley Sheahan wins face-off versus David Gustafsson in Manchester Monarchs zone.
18:43 of 1st period - Cole Guttman is hit by Ty Emberson and loses puck.
19:41 of 1st period - Curtis McKenzie is hit by William Eklund and loses puck.
Goals for this period are 4 for Manchester Monarchs vs 1 for Toronto Marlies.
Shots for this period are 14 for Manchester Monarchs vs 8 for Toronto Marlies.

2nd period


0:01 of 2nd period - Riley Sheahan wins face-off versus Cole Guttman in neutral zone.
0:04 of 2nd period - Cole Guttman is hit by Andreas Johnsson and loses puck.
0:12 of 2nd period - Marcus Bjork is hit by Evgeny Svechnikov and loses puck.
0:25 of 2nd period - Elliot Desnoyers is hit by Matt Tennyson and loses puck.
0:40 of 2nd period - Minor Penalty to Nicolas Meloche for Tripping.
0:41 of 2nd period - David Gustafsson wins face-off versus Evgeny Svechnikov in Toronto Marlies zone.
0:42 of 2nd period - Snap shot by Elliot Desnoyers.
0:42 of 2nd period - Stopped by Yaroslav Askarov with a rebound.
0:56 of 2nd period - Snap shot by Andreas Johnsson.
0:56 of 2nd period - Shot Misses the Net.
2:04 of 2nd period - Snap shot by Curtis McKenzie.
2:04 of 2nd period - Shot Misses the Net.
2:06 of 2nd period - Slapshot by Matt Tennyson.
2:06 of 2nd period - Shot Blocked by Kevin Connauton.
2:08 of 2nd period - Slapshot by Matt Tennyson.
2:08 of 2nd period - Stopped by Erik Kallgren with a rebound.
2:10 of 2nd period - Snap shot by Curtis McKenzie.
2:10 of 2nd period - Shot Misses the Net.
2:40 of 2nd period - Penalty to Nicolas Meloche is over, Nicolas Meloche is back on ice.
2:46 of 2nd period - Wrist shot by Evan Polei.
2:46 of 2nd period - Deflect By Max Ellis.
2:46 of 2nd period - Shot Misses the Net.
2:46 of 2nd period - Puck is out of play.
2:47 of 2nd period - Josh Melnick wins face-off versus William Eklund in Manchester Monarchs zone.
3:10 of 2nd period - Daemon Hunt is hit by Evgeny Svechnikov and loses puck.
3:15 of 2nd period - Wrist shot by Evgeny Svechnikov.
3:15 of 2nd period - Stopped by Erik Kallgren with a rebound.
3:17 of 2nd period - Slapshot by Artemi Knyazev.
3:17 of 2nd period - Stopped by Erik Kallgren with a rebound.
3:39 of 2nd period - Slapshot by Brendan Lemieux.
3:39 of 2nd period - Shot Misses the Net.
3:41 of 2nd period - Wrist shot by Brendan Lemieux.
3:41 of 2nd period - Stopped by Yaroslav Askarov with a rebound.
3:43 of 2nd period - Wrist shot by Cole Guttman.
3:43 of 2nd period - Stopped by Yaroslav Askarov without a rebound.
3:44 of 2nd period - Josh Melnick wins face-off versus Cole Guttman in Toronto Marlies zone.
3:44 of 2nd period - Josh Melnick is hit by Brendan Lemieux.
3:49 of 2nd period - Ty Emberson is hit by Marcus Bjork and loses puck.
4:10 of 2nd period - Wrist shot by David Gustafsson.
4:10 of 2nd period - Stopped by Yaroslav Askarov with a rebound.
4:52 of 2nd period - Snap shot by Brendan Lemieux.
4:52 of 2nd period - Stopped by Yaroslav Askarov with a rebound.
5:08 of 2nd period - Wrist shot by Brendan Lemieux.
5:08 of 2nd period - Shot Blocked by Cam Morrison.
5:10 of 2nd period - Snap shot by David Gustafsson.
5:10 of 2nd period - Goal by David Gustafsson - Manchester Monarchs : 5 - Toronto Marlies : 1.
5:11 of 2nd period - Riley Sheahan wins face-off versus Cole Guttman in neutral zone.
5:14 of 2nd period - Snap shot by Andreas Johnsson.
5:14 of 2nd period - Stopped by Erik Kallgren with a rebound.
5:16 of 2nd period - Slapshot by Matt Tennyson.
5:16 of 2nd period - Stopped by Erik Kallgren without a rebound.
5:17 of 2nd period - Riley Sheahan wins face-off versus Cole Guttman in Manchester Monarchs zone.
5:22 of 2nd period - Snap shot by Riley Sheahan.
5:22 of 2nd period - Shot Blocked by Jacob Christiansen.
5:24 of 2nd period - Snap shot by Riley Sheahan.
5:24 of 2nd period - Stopped by Erik Kallgren without a rebound.
5:25 of 2nd period - Riley Sheahan wins face-off versus Elliot Desnoyers in Manchester Monarchs zone.
5:26 of 2nd period - Wrist shot by Andreas Johnsson.
5:26 of 2nd period - Shot Blocked by Kevin Connauton.
5:34 of 2nd period - Slapshot by Elliot Desnoyers.
5:34 of 2nd period - Stopped by Yaroslav Askarov without a rebound.
5:35 of 2nd period - David Gustafsson wins face-off versus Riley Sheahan in Toronto Marlies zone.
5:41 of 2nd period - Matt Tennyson beats up Kevin Connauton.
5:41 of 2nd period - Penalty to Matt Tennyson for Fighting.
5:41 of 2nd period - Penalty to Kevin Connauton for Fighting.
5:42 of 2nd period - Cole Guttman wins face-off versus Riley Sheahan in Toronto Marlies zone.
5:58 of 2nd period - Minor Penalty to Andreas Johnsson for Slashing.
5:59 of 2nd period - David Gustafsson wins face-off versus Evgeny Svechnikov in Toronto Marlies zone.
6:01 of 2nd period - Slapshot by Walker Duehr.
6:01 of 2nd period - Stopped by Yaroslav Askarov without a rebound.
6:02 of 2nd period - David Gustafsson wins face-off versus Evgeny Svechnikov in Toronto Marlies zone.
6:05 of 2nd period - Wrist shot by Elliot Desnoyers.
6:05 of 2nd period - Stopped by Yaroslav Askarov with a rebound.
6:35 of 2nd period - Brendan Lemieux is hit by Evgeny Svechnikov and loses puck.
7:58 of 2nd period - Penalty to Andreas Johnsson is over, Andreas Johnsson is back on ice.
9:02 of 2nd period - Lassi Thomson is hit by Marcus Bjork and loses puck.
9:13 of 2nd period - Jacob Christiansen is hit by Evgeny Svechnikov and loses puck.
11:09 of 2nd period - Slapshot by Connor McMichael.
11:09 of 2nd period - Shot Misses the Net.
12:22 of 2nd period - Icing by William Eklund.
12:23 of 2nd period - Evan Polei wins face-off versus David Gustafsson in Manchester Monarchs zone.
12:24 of 2nd period - Snap shot by Curtis McKenzie.
12:24 of 2nd period - Shot Blocked by David Gustafsson.
12:42 of 2nd period - William Eklund is hit by Josh Melnick.
12:52 of 2nd period - Andreas Johnsson is hit by Mathias Emilio Pettersen and loses puck.
13:39 of 2nd period - Wrist shot by Walker Duehr.
13:39 of 2nd period - Shot Hit the Post.
13:44 of 2nd period - Minor Penalty to William Eklund for Hooking.
13:45 of 2nd period - Cole Guttman wins face-off versus Riley Sheahan in Manchester Monarchs zone.
13:45 of 2nd period - Cole Guttman is hit by Riley Sheahan.
14:08 of 2nd period - Matt Tennyson is hit by Marcus Bjork and loses puck.
15:19 of 2nd period - Cole Guttman is hit by Matt Tennyson and loses puck.
15:44 of 2nd period - Penalty to William Eklund is over, William Eklund is back on ice.
15:49 of 2nd period - Cam Morrison is hit by William Eklund and loses puck.
17:37 of 2nd period - Ty Emberson is hit by William Eklund.
17:49 of 2nd period - Ty Emberson is hit by Connor Bunnaman and loses puck.
18:51 of 2nd period - Artemi Knyazev is hit by Mathias Emilio Pettersen and loses puck.
Goals for this period are 1 for Manchester Monarchs vs 0 for Toronto Marlies.
Shots for this period are 9 for Manchester Monarchs vs 6 for Toronto Marlies.

3rd period


0:01 of 3rd period - Cole Guttman wins face-off versus Riley Sheahan in neutral zone.
0:29 of 3rd period - Wrist shot by Matthew Highmore.
0:29 of 3rd period - Stopped by Erik Kallgren with a rebound.
0:53 of 3rd period - Wrist shot by William Eklund.
0:53 of 3rd period - Shot Misses the Net.
1:42 of 3rd period - Snap shot by Cole Guttman.
1:42 of 3rd period - Stopped by Yaroslav Askarov with a rebound.
2:06 of 3rd period - Minor Penalty to Max Jones for Roughing.
2:07 of 3rd period - Cole Guttman wins face-off versus Riley Sheahan in Manchester Monarchs zone.
2:20 of 3rd period - Snap shot by Andreas Johnsson.
2:20 of 3rd period - Stopped by Erik Kallgren with a rebound.
4:03 of 3rd period - Ty Emberson is hit by Cole Guttman and loses puck.
4:06 of 3rd period - Penalty to Max Jones is over, Max Jones is back on ice.
4:10 of 3rd period - Snap shot by Elliot Desnoyers.
4:10 of 3rd period - Stopped by Yaroslav Askarov without a rebound.
4:11 of 3rd period - William Eklund wins face-off versus Evan Polei in Toronto Marlies zone.
4:14 of 3rd period - Snap shot by Max Jones.
4:14 of 3rd period - Stopped by Yaroslav Askarov with a rebound.
4:16 of 3rd period - Snap shot by Daemon Hunt.
4:16 of 3rd period - Shot Misses the Net.
4:18 of 3rd period - Backhand shot by William Eklund.
4:18 of 3rd period - Shot Misses the Net.
4:20 of 3rd period - Snap shot by Marcus Bjork.
4:20 of 3rd period - Shot Misses the Net.
4:22 of 3rd period - Slapshot by Daemon Hunt.
4:22 of 3rd period - Deflect By William Eklund.
4:22 of 3rd period - Stopped by Yaroslav Askarov without a rebound.
4:23 of 3rd period - David Gustafsson wins face-off versus Riley Sheahan in Toronto Marlies zone.
4:32 of 3rd period - Snap shot by David Gustafsson.
4:32 of 3rd period - Shot Blocked by Nicolas Meloche.
4:34 of 3rd period - Slapshot by Jacob Christiansen.
4:34 of 3rd period - Shot Blocked by Nicolas Meloche.
4:36 of 3rd period - Wrist shot by Elliot Desnoyers.
4:36 of 3rd period - Shot Misses the Net.
4:38 of 3rd period - Snap shot by Walker Duehr.
4:38 of 3rd period - Shot Blocked by Riley Sheahan.
4:58 of 3rd period - Curtis McKenzie and Brady Keeper fight to a draw.
4:58 of 3rd period - Penalty to Curtis McKenzie for Fighting.
4:58 of 3rd period - Penalty to Brady Keeper for Fighting.
4:59 of 3rd period - Connor Bunnaman wins face-off versus Riley Sheahan in Manchester Monarchs zone.
5:24 of 3rd period - Jacob Christiansen is hit by Matthew Highmore and loses puck.
6:15 of 3rd period - Slapshot by Andreas Johnsson.
6:15 of 3rd period - Shot Misses the Net.
6:59 of 3rd period - Slapshot by Jacob Christiansen.
6:59 of 3rd period - Deflect By Elliot Desnoyers.
6:59 of 3rd period - Shot Blocked by Matt Tennyson.
6:59 of 3rd period - Puck is out of play.
7:00 of 3rd period - David Gustafsson wins face-off versus Andreas Johnsson in Toronto Marlies zone.
7:04 of 3rd period - Walker Duehr beats up Matt Tennyson.
7:04 of 3rd period - Penalty to Matt Tennyson for Fighting.
7:04 of 3rd period - Penalty to Walker Duehr for Fighting.
7:05 of 3rd period - Cole Guttman wins face-off versus Riley Sheahan in neutral zone.
7:10 of 3rd period - Snap shot by Connor Bunnaman.
7:10 of 3rd period - Stopped by Yaroslav Askarov with a rebound.
7:12 of 3rd period - Snap shot by Kevin Connauton.
7:12 of 3rd period - Stopped by Yaroslav Askarov with a rebound.
7:21 of 3rd period - Josiah Didier and Brendan Lemieux fight to a draw.
7:21 of 3rd period - Penalty to Josiah Didier for Fighting.
7:21 of 3rd period - Penalty to Brendan Lemieux for Fighting.
7:22 of 3rd period - Cole Guttman wins face-off versus Riley Sheahan in Manchester Monarchs zone.
7:27 of 3rd period - Kevin Connauton beats up Luke Martin.
7:27 of 3rd period - Penalty to Luke Martin for Fighting.
7:27 of 3rd period - Penalty to Kevin Connauton for Fighting.
7:28 of 3rd period - Cole Guttman wins face-off versus Riley Sheahan in Manchester Monarchs zone.
7:33 of 3rd period - Andreas Johnsson is hit by Filip Kral and loses puck.
8:37 of 3rd period - Snap shot by Evgeny Svechnikov.
8:37 of 3rd period - Stopped by Erik Kallgren with a rebound.
8:39 of 3rd period - Wrist shot by Andreas Johnsson.
8:39 of 3rd period - Deflect By William Eklund.
8:39 of 3rd period - Shot Blocked by Marcus Bjork.
8:39 of 3rd period - Puck is out of play.
8:40 of 3rd period - David Gustafsson wins face-off versus Andreas Johnsson in Manchester Monarchs zone.
9:03 of 3rd period - Cam Morrison is hit by Cole Guttman and loses puck.
9:20 of 3rd period - Ty Emberson is hit by Filip Kral.
9:41 of 3rd period - Evgeny Svechnikov is hit by Daemon Hunt and loses puck.
10:38 of 3rd period - Snap shot by Elliot Desnoyers.
10:38 of 3rd period - Shot Blocked by Riley Sheahan.
12:43 of 3rd period - Lassi Thomson is hit by Angus Crookshank and loses puck.
13:23 of 3rd period - Curtis McKenzie is hit by Kevin Connauton and loses puck.
15:42 of 3rd period - Nicolas Meloche is hit by Brendan Lemieux.
17:18 of 3rd period - Lassi Thomson is hit by Adam Beckman.
17:53 of 3rd period - Icing by Brady Keeper.
17:54 of 3rd period - Josh Melnick wins face-off versus David Gustafsson in Manchester Monarchs zone.
18:49 of 3rd period - Max Ellis is hit by Angus Crookshank and loses puck.
19:03 of 3rd period - Icing by Angus Crookshank.
19:04 of 3rd period - William Eklund wins face-off versus Riley Sheahan in Manchester Monarchs zone.
19:09 of 3rd period - Riley Sheahan is hit by Elliot Desnoyers and loses puck.
19:20 of 3rd period - Wrist shot by Elliot Desnoyers.
19:20 of 3rd period - Stopped by Yaroslav Askarov without a rebound.
19:21 of 3rd period - Cole Guttman wins face-off versus Matthew Highmore in Toronto Marlies zone.
19:36 of 3rd period - Snap shot by Brendan Lemieux.
19:36 of 3rd period - Shot Misses the Net.
19:46 of 3rd period - Matthew Highmore is hit by Marcus Bjork and loses puck.
19:53 of 3rd period - Wrist shot by Angus Crookshank.
19:53 of 3rd period - Stopped by Yaroslav Askarov with a rebound.
19:55 of 3rd period - Snap shot by Max Jones.
19:55 of 3rd period - Shot Misses the Net.
19:57 of 3rd period - Slapshot by Jacob Christiansen.
19:57 of 3rd period - Shot Misses the Net.
19:59 of 3rd period - Wrist shot by William Eklund.
19:59 of 3rd period - Shot Misses the Net.
Goals for this period are 0 for Manchester Monarchs vs 0 for Toronto Marlies.
Shots for this period are 8 for Manchester Monarchs vs 3 for Toronto Marlies.